[Event "Early-Titled-Tuesday-Blitz-September-05-2023"]
[Site "Chess.com"]
[Date "2023.09.05"]
[Round "9"]
[White "Gareth-Bale11"]
[Black "bescmelasti"]
[Result "1/2-1/2"]
[WhiteElo "2775"]
[BlackElo "2615"]
[TimeControl "180+1"]
[EndTime "9:44:10 PDT"]
[Termination "Game drawn - insufficient material"]

1. d4 Nf6 2. Nf3 e6 3. Bf4 d5 4.
e3 Bd6 5. Nbd2 O-O 6. Bd3 c5 7. c3 Bxf4 8. exf4 b6 9. h4 Ba6 10.
Bxa6 Nxa6 11. Qe2 Nb8 12. Ne5 Qc7 13. h5 Nc6 14. Nxc6 Qxc6 15. h6 g6 16. Qe5 Ne8 17.
Nf3 f6 18. Qe2 Qd7 19. O-O Nd6 20. Rfe1 Rae8 21. Rad1 c4 22. b3 b5 23. bxc4 bxc4 24. Rb1 Nf5 25. Rb4 Nxh6 26. Reb1 Rf7 27. Nh4 Kh8 28. g3 Ng8 29. Kg2 Kg7 30. Qg4 Nh6 31. Qh3 g5 32. Rh1 gxh4 33. Qxh4 Ng8 34. Qxh7+ Kf8 35.
Qh5 Qc7 36. f5 e5 37. dxe5 fxe5 38.
Qf3 Qd7 39. g4 a5 40. Rbb1 e4 41. Qg3 d4 42. cxd4 Qxd4 43. Rbd1 Qe5 44. Rc1 Qxg3+ 45. Kxg3 Rc8 46. Kf4 Nf6 47. g5 Nd5+ 48. Ke5 Re8+ 49.
Kxd5 Rxf5+ 50. Kxc4 Rxg5 51. Rh8+ Ke7 52. Rxe8+ Kxe8 53.
Kd4 Rf5 54. Rc2 Rf4 55. Ke3 Rh4 56. Rc5 Rh3+ 57. Kxe4 Ra3 58. Rc2 Kf7 59. f4 Kf6 60. Rb2 Ke6 61. f5+ Kf6 62. Rb6+ Kf7 63. Ke5 Rxa2 64.
Rb7+ Ke8 65. Kf6 Rg2 66. Ke6 Re2+ 67. Kf6 a4 68. Ra7 Re4 69. Ra8+ Kd7 70. Kf7 Kc6 71. f6 Kb5 72. Rb8+ Kc4 73. Kg7 Rg4+ 74. Kf8 Rf4 75. Rc8+ Kb3 76. f7 a3 77. Rb8+ Kc2 78. Ra8 Kb2 79. Ke7 Rxf7+ 80. Kxf7 a2 81. Rb8+ Kc2 82.
Ra8 Kb2 83. Rxa2+ Kxa2 1/2-1/2

[Event "Early-Titled-Tuesday-Blitz-September-05-2023"]
[Site "Chess.com"]
[Date "2023.09.05"]
[Round "9"]
[White "Witik"]
[Black "ArmanGhevondyanchess"]
[Result "0-1"]
[WhiteElo "2664"]
[BlackElo "2519"]
[TimeControl "180+1"]
[EndTime "9:44:11 PDT"]
[Termination "ArmanGhevondyanchess won on time"]

1. d4 Nf6 2. c4 g6 3. Nc3 d5 4. cxd5 Nxd5 5. e4 Nxc3 6. bxc3 Bg7 7. Bg5 O-O 8. Rc1 c5 9. d5 Re8 10. Nf3 Qa5 11. Qd2 Bg4 12. c4 Qa3 13. Be2 Nd7 14.
O-O b6 15. h3 Bxf3 16. Bxf3 Qb2 17. Qxb2 Bxb2 18. Rb1 Bd4 19. Rfd1 Kg7 20. Kf1 h6 21. Bf4 Rac8 22. Re1 e5 23. Bd2 f5 24. a4 Nf6 25.
a5 fxe4 26. Bxe4 Nxe4 27. Rxe4 Rb8 28. Ree1 bxa5 29. Bxa5 Kf6 30. Bc7 Rxb1 31. Rxb1 e4 32. Rb7 Ra8 33. Ba5 h5 34. Ke2 g5 35. g4 hxg4 36.
hxg4 Rf8 37. Rxa7 Kg6 38. Ra6+ Kg7 39. Be1 Rf3 40. d6 Kf7 41. d7 Ke7 42. Re6+ Kxd7 43. Rxe4 Ra3 44. Bd2 Ra4 45. Bxg5 Rxc4 46. Be3 Rc2+ 47.
Kd3 Rc3+ 48. Kd2 Rc4 49. g5 Ra4 50. Bxd4 cxd4 51. Kd3 Ra2 52. Rxd4+ Ke6 53. f4 Kf5 54. Kc4 Ra4+ 55. Kd5 Ra6 56. Kc5 Ra8 57. Kc4 Ra3 58. Kb4 Ra8 59. Kc3 Ra3+ 60. Kd2 Rb3 61. Ke2 Ra3 62. Rd3 Ra4 63. Rf3 Ra2+ 64. Ke3 Ra3+ 65.
Kf2 Ra1 66. Kg3 Rg1+ 67. Kf2 Ra1 68. Ke2 Ra2+ 69. Kd1 Ke4 70. Rf1 Kd3 71. Rf3+ Ke4 72. Rf1 Kd3 73. Ke1 Ke3 74. Kd1 Ra1+ 75. Kc2 Rxf1 0-1

[Event "Early-Titled-Tuesday-Blitz-September-05-2023"]
[Site "Chess.com"]
[Date "2023.09.05"]
[Round "9"]
[White "GeorgiosSouleidis"]
[Black "viktorskliarov"]
[Result "1-0"]
[WhiteElo "2554"]
[BlackElo "2647"]
[TimeControl "180+1"]
[EndTime "9:44:13 PDT"]
[Termination "GeorgiosSouleidis won by resignation"]

1. e4 c5 2. Be2 Nc6 3. d3 g6 4. f4 Bg7 5. Nf3 d6 6. O-O Nf6 7. c3 O-O 8. Kh1 b5 9. a3 a5 10.
Be3 Bb7 11. Nbd2 b4 12. d4 bxc3 13. bxc3 cxd4 14. cxd4 Ng4 15. Bg1 e5 16. fxe5 dxe5 17. d5 Ne7 18. Rb1 Ba6 19. Bxa6 Rxa6 20. Nc4 Nc8 21. Qd3 Ra8 22. h3 Nf6 23. Nfxe5 Re8 24.
Nc6 Qd7 25. Rfe1 h5 26. Bh2 h4 27. a4 Nh5 28. e5 Ra6 29. N4xa5 Rb6 30. d6 Ng3+ 31.
Bxg3 hxg3 32. Rxb6 Nxb6 33. Qxg3 Nxa4 34. Qf3 Nb6 35. Nb3 Kh8 36. Nc5 Qf5 37. Qxf5 gxf5 38. d7 Nxd7 39. Nxd7 f4 40. Kg1 Kh7 41. Kf2 Kg6 42.
Kf3 Kf5 43. Nd4+ Kg5 44. Nc6 Re6 45. Nd4 Re7 46. Nc5 Rxe5 47. Rxe5+ Bxe5 48. Ne4+ Kg6 49. Ne2 f5 50. Nc5 Kg5 51. Nd3 Bd6 52. Ndxf4 Kh4 53. g3+ Kg5 54. h4+ Kh6 55. Nd4 Kh7 56. Nxf5 Be5 57.
Ne3 Bd4 58. g4 Bb2 59. g5 Ba1 60. h5 Be5 61. Ke4 Bc3 62. Kf5 Kh8 63. Ng4 Bg7 64. h6 Bd4 65. Ne6 Bc3 66. Nf6 Bd2 67. Ne4 Bc1 68. Nf4 Bb2 69. g6 Bd4 70. Ng5 Bg7 71. Nf7+ Kg8 72. hxg7 Kxg7 73. Ng5 Kh6 74. Ngh3 Kg7 75. Ng2 Kh6 76. Ng1 Kg7 77. Kg5 Kg8 78. Kh6 Kh8 79. g7+ Kg8 80. Nh3 Kf7 81. Kh7 1-0

[Event "Early-Titled-Tuesday-Blitz-September-05-2023"]
[Site "Chess.com"]
[Date "2023.09.05"]
[Round "9"]
[White "AdrianaPalao"]
[Black "aranibos"]
[Result "1/2-1/2"]
[WhiteElo "2083"]
[BlackElo "2260"]
[TimeControl "180+1"]
[EndTime "9:44:17 PDT"]
[Termination "Game drawn by repetition"]

1. e4 c6 2. d4 d5 3. e5 c5 4.
c3 Nc6 5. Nf3 Bg4 6. Be2 Bxf3 7.
Bxf3 cxd4 8. cxd4 e6 9. Nc3 Qb6 10. Ne2 Bb4+ 11. Bd2 Nge7 12. O-O Nf5 13. Bc3 Be7 14.
Bg4 h5 15. Bxf5 exf5 16. Qd3 g6 17. Qf3 Rd8 18. Rad1 Rd7 19. Nf4 Nd8 20. Nxd5 Qc6 21. Nxe7 Qxf3 22. gxf3 Kxe7 23. d5 Rg8 24. Rfe1 b6 25.
Bb4+ Ke8 26. Rd2 g5 27. Rc1 a5 28. Ba3 g4 29. fxg4 Rxg4+ 30. Kf1 Re4 31. Kg1 Rxe5 32. Kf1 Re4 33. Rc8 f6 34. d6 Kf7 35. Rc7 Ke6 36. Rdc2 Nf7 37. Rxd7 Kxd7 38. Rc7+ Ke8 39.
Ra7 Rd4 40. Rb7 Nxd6 41. Rxb6 Nc4 42. Rxf6 Nxa3 43. bxa3 f4 44. Rf5 h4 45. Rxa5 f3 46. Re5+ Kd7 47. Ke1 Rd3 48. Re3 Rd4 49. Rxf3 Rc4 50.
Kd2 Ke6 51. Rc3 Rg4 52. h3 Rg2 53. Ke2 Rg8 54. a4 Kd5 55. a5 Ra8 56. Ra3 Ra6 57. Kd3 Kc5 58. f4 Kb4 59. Rb3+ Kc5 60. f5 Rxa5 61.
f6 Kd6 62. f7 Ke7 63. Rb7+ Kf8 64. Ke4 Rxa2 65. Kf5 Rf2+ 66. Kg6 Rg2+ 67. Kh5 Rf2 68. Kxh4 Rxf7 69. Rb4 Rh7+ 70. Kg4 Rg7+ 71. Kf3 Rf7+ 72. Kg3 Kg7 73. Kh2 Kh7 74. h4 Kg7 75. Kh3 Kh7 76. Kg4 Rg7+ 77. Kh3 Rd7 78. h5 Rd3+ 79. Kh4 Rd7 80. Rb6 Re7 81. Kg4 Rg7+ 82. Kh4 Rf7 83. Kg5 Rg7+ 84. Kf4 Rg1 85. Kf5 Rg2 86. Kf4 Rg1 87. Kf5 Rg2 88. Kf4 Rg1 1/2-1/2

[Event "Early-Titled-Tuesday-Blitz-September-05-2023"]
[Site "Chess.com"]
[Date "2023.09.05"]
[Round "9"]
[White "artooon"]
[Black "Anton_Demchenko"]
[Result "1/2-1/2"]
[WhiteElo "3055"]
[BlackElo "2955"]
[TimeControl "180+1"]
[EndTime "9:44:20 PDT"]
[Termination "Game drawn by repetition"]

1. e4 e5 2. Nf3 Nc6 3. Bc4 Nf6 4. Ng5 d5 5. exd5 Na5 6. Bb5+ c6 7. dxc6 bxc6 8. Qf3 cxb5 9. Qxa8 Qc7 10. Qf3 Nc6 11. c3 Bg4 12. Qg3 Nd4 13. Na3 Ne2 14. Qd3 Nf4 15. Qxb5+ Bd7 16. Qc4 Qb7 17. f3 Bxa3 18. bxa3 O-O 19. O-O Bb5 20. Qb3 Nd3 21. c4 Qb6+ 22.
Kh1 Nf2+ 23. Rxf2 Qxf2 24. Bb2 Bc6 25. Bxe5 Qxd2 26. Bxf6 gxf6 27. Ne4 Bxe4 28. fxe4 Re8 29. Rf1 Qd4 30. h3 Rxe4 31. Qb8+ Kg7 32. Qg3+ Kf8 33. Qf3 Re6 34. Rc1 Re3 35. Qf1 Rxa3 36. c5 Rc3 37. c6 Qe3 38. Re1 Qd2 39. Rd1 Qg5 40. Qa6 Rc2 41. Qa3+ Kg7 42. Qf3 Qc5 43. Qg3+ Qg5 44. Qf3 Qc5 45. Qg4+ Qg5 46. Qe4 Qc5 47. Rb1 Qxc6 48. Qg4+ Kf8 49. Rb8+ Ke7 50. Qg3 Rc1+ 51.
Kh2 Qc7 52. Rb3 Qxg3+ 53. Rxg3 Rc2 54. Ra3 Rc7 55. Ra4 f5 56. Rh4 Kf6 57. Rxh7 Kg6 58.
Rh4 Rc5 59. Ra4 a5 60. Kg3 Kg5 61. h4+ Kf6 62. Rd4 Rc2 63. a4 Ra2 64. Rc4 Ke6 65. Kf3 Kd5 66. Rf4 Ke5 67. Rc4 Ra3+ 68. Kf2 Kd5 69. Rf4 Ke5 70. Rc4 Kd5 71. Rf4 Ke5 72. g3 Ra2+ 73. Kf3 Ra3+ 74. Kg2 Ra2+ 75. Kh3 Ra1 76.
Kh2 Ra2+ 77. Kh3 Ra1 78. Rc4 Kd5 79. Rc7 Rxa4 80. Rxf7 Ke6 81. Ra7 Ra3 82. Kg2 Ra2+ 83. Kf3 Ra3+ 84. Kf4 Ra4+ 85. Kf3 Ra3+ 86. Kf4 Ra4+ 87.
Kf3 Ra3+ 1/2-1/2

[Event "Early-Titled-Tuesday-Blitz-September-05-2023"]
[Site "Chess.com"]
[Date "2023.09.05"]
[Round "9"]
[White "Good_Knight_Kiss"]
[Black "topin8"]
[Result "0-1"]
[WhiteElo "2339"]
[BlackElo "2455"]
[TimeControl "180+1"]
[EndTime "9:44:24 PDT"]
[Termination "topin8 won on time"]

1. e4 e5 2. Nf3 Nc6 3. Bb5 Nf6 4. d3 d6 5. c3 Be7 6. O-O O-O 7. Re1 a6 8. Ba4 b5 9. Bb3 Na5 10. Bc2 c5 11.
Nbd2 Nc6 12. Nf1 Re8 13. Ng3 Bf8 14. h3 Be6 15. d4 cxd4 16. cxd4 exd4 17. Nxd4 Nxd4 18.
Qxd4 Rc8 19. Bb3 Nd7 20. Bf4 Ne5 21. Bxe6 Rxe6 22. Rac1 Ng6 23. Be3 Re8 24. Rxc8 Qxc8 25. Rc1 Qb7 26. Qb6 Qxb6 27. Bxb6 Ne5 28. Bd4 Nd3 29. Rc6 a5 30. a3 b4 31. Ra6 Nc5 32.
Bxc5 dxc5 33. Rxa5 bxa3 34. Rxa3 g6 35. Rc3 Rb8 36.
b3 Rb5 37. Kf1 Bg7 38. Rd3 Be5 39. Ke2 Kg7 40. Nf1 Ra5 41. Ne3 Bd4 42. Nc4 Ra2+ 43. Rd2 Ra1 44. Kd3 Rb1 45. Kc2 Rf1 46. f3 f5 47. exf5 gxf5 48. b4 Kf6 49. bxc5 Bxc5 50. Nb2 Be7 51. Nd3 Ra1 52. Rd1 Ra2+ 53. Nb2 Ra6 54. Kd3 Kg6 55. Ke2 Bf6 56. Nd3 Ra2+ 57. Rd2 Ra4 58. g4 fxg4 59. hxg4 h5 60. gxh5+ Kxh5 61. Rd1 Bg5 62. Rh1+ Kg6 63. Rg1 Ra2+ 64. Kf1 Kf5 65.
Rg4 Ra1+ 66. Ke2 Ra2+ 67. Ke1 Ra1+ 68. Ke2 Ra2+ 69. Kf1 Ra1+ 70. Kg2 Ra2+ 71. Nf2 Be3 72. Rg8 Rxf2+ 73. Kg3 Ra2 74. Rf8+ Kg6 75. Re8 Bg5 76.
f4 Ra3+ 77. Kg4 Bf6 78. Re6 Kf7 79. Rc6 Ra4 80. Kf5 Ra5+ 81. Kg4 Kg6 82. Rb6 Rc5 83. Ra6 Rc1 84. Rc6 Rxc6 0-1

[Event "Early-Titled-Tuesday-Blitz-September-05-2023"]
[Site "Chess.com"]
[Date "2023.09.05"]
[Round "9"]
[White "Vanina1989"]
[Black "CrushingKings"]
[Result "1-0"]
[WhiteElo "2721"]
[BlackElo "2558"]
[TimeControl "180+1"]
[EndTime "9:44:26 PDT"]
[Termination "Vanina1989 won by checkmate"]

1. d4 g6 2. c4 Bg7 3. Nc3 Nf6 4. e4 d6 5. Nf3 O-O 6. Be2 e5 7. Be3 Nc6 8. O-O exd4 9. Nxd4 Re8 10. f3 Nxd4 11.
Bxd4 Nd7 12. Bxg7 Kxg7 13. Qd4+ Qf6 14. Rfd1 Qxd4+ 15. Rxd4 Nc5 16. Rd2 Ne6 17. g3 Bd7 18.
Rf1 Bc6 19. Nd5 a5 20. Nc3 Nc5 21. Kf2 Re7 22. h4 h5 23. Rg1 Rf8 24. Bd3 f5 25.
exf5 Nxd3+ 26. Rxd3 Rxf5 27. f4 a4 28. Re1 Rxe1 29. Kxe1 Rc5 30. Rd4 Kf6 31. Ke2 Kf5 32. Nd1 Kg4 33. Kf2 b5 34. cxb5 Rc2+ 35. Ke1 Kxg3 36.
bxc6 Kxh4 37. f5+ Kg5 38. fxg6 Kxg6 39. Rxa4 Kg5 40. Re4 h4 41. Re2 Rxc6 42. Kf2 Rc1 43. Ne3 h3 44. Kg3 Ra1 45. a3 c6 46. Kxh3 Kf4 47. Nc2 d5 48. Kg2 c5 49. Ne3 d4 50.
Nd5+ Kf5 51. Ne7+ Kf4 52. Nd5+ Kf5 53. Rc2 d3 54. Rf2+ Ke4 55. Nc3+ Ke3 56. Nd5+ Kd4 57.
Nc3 Ke3 58. Rf8 Kd2 59. Rc8 Kc2 60. Rxc5 Kxb2 61. a4 Ra3 62. Nd1+ Kb1 63. a5 d2 64. Kf2 Ka2 65. Ke2 Kb3 66. Kxd2 Kb4 67. Re5 Rxa5 68.
Re4+ Kc5 69. Nc3 Kd6 70. Kd3 Re5 71. Ra4 Ke6 72. Kd4 Rg5 73. Ra6+ Kd7 74. Nd5 Rg1 75.
Nf6+ Kc7 76. Ne4 Rd1+ 77. Ke5 Kb7 78. Rh6 Kc7 79. Rh7+ Kc6 80. Rh8 Kd7 81. Nf6+ Kc6 82.
Rc8+ Kb7 83. Rc2 Kb6 84. Nd5+ Kb5 85. Kd6 Rh1 86. Rc5+ Ka4 87. Rc3 Rh4 88. Kc5 Rh8 89.
Nb6+ Ka5 90. Ra3# 1-0

[Event "Early-Titled-Tuesday-Blitz-September-05-2023"]
[Site "Chess.com"]
[Date "2023.09.05"]
[Round "9"]
[White "McCarthyStone"]
[Black "NelsonLinda"]
[Result "1-0"]
[WhiteElo "2434"]
[BlackElo "2482"]
[TimeControl "180+1"]
[EndTime "9:44:33 PDT"]
[Termination "McCarthyStone won by checkmate"]

1. b3 e5 2. Bb2 Nc6 3. e3 Nf6 4. Bb5 Bd6 5. Na3 a6 6. Be2 e4 7. Nc4 Be7 8. d3 O-O 9. Nd2 d5 10. Nh3 Bf5 11. Nf4 h6 12. g4 Bh7 13. h4 exd3 14. Nxd3 Ne4 15. Nxe4 dxe4 16. Nf4 Bxh4 17. Qxd8 Bxd8 18. Nh5 f6 19. g5 Ne5 20. gxf6 gxf6 21.
O-O-O Be7 22. Rdg1+ Kh8 23. Nf4 Rg8 24. Rd1 c6 25. Rxh6 Rad8 26. Rdh1 Rg7 27. Ne6 Rdg8 28. Nxg7 Rxg7 29. Bxe5 fxe5 30. Bc4 Bg5 31. Re6 Re7 32. Rd6 Kg7 33. Re6 Rxe6 34. Bxe6 Bg6 35. Kb2 a5 36.
Bg4 Kf6 37. a4 Kg7 38. Rd1 Be8 39. Rd2 Be7 40. Bd7 Bf7 41. Bc8 b6 42. Rd7 Kf6 43. Rb7 Bd8 44. Rd7 Be7 45. Rd2 Bd5 46. Bd7 Bf7 47.
Bxc6 Bb4 48. c3 Bc5 49. Bxe4 Be6 50. Bc2 Ke7 51. Re2 Bg4 52. Re1 Bf3 53. Rg1 Bc6 54.
Rg7+ Kd6 55. Rg6+ Kc7 56. Rg5 Bd6 57. Rg6 Be8 58. Rg7+ Kd8 59. Rg1 Ke7 60. Rd1 Bh5 61.
Re1 Kf6 62. Bd3 Bf3 63. Kc2 e4 64. Be2 Ke5 65. Bxf3 exf3 66. Rd1 Be7 67. Rd4 Bg5 68. Rd2 Bh4 69. Rd4 Bxf2 70. Rf4 Bxe3 71. Rxf3 Bc5 72.
Rd3 Be7 73. Kd1 Bg5 74. Ke2 Bh6 75. c4 Bf8 76. Rd5+ Ke6 77. Kd3 Bb4 78. Rb5 Bc5 79. Rxc5 bxc5 80. Ke4 Kd6 81. Kf5 Kd7 82. Ke5 Kc6 83. Ke6 Kc7 84. Kd5 Kb6 85. Kd6 Kb7 86.
Kxc5 Ka6 87. Kc6 Ka7 88. Kb5 Kb8 89. Kxa5 Ka8 90. Kb5 Ka7 91. Kc5 Kb7 92. Kd5 Ka7 93.
Kd4 Kb7 94. Ke4 Ka7 95. Kf5 Kb7 96. Ke6 Ka7 97. Kd7 Kb7 98. c5 Ka7 99. b4 Kb7 100. c6+ Ka7 101. c7 Ka6 102. c8=Q+ Ka7 103. Qc7+ Ka6 104. b5# 1-0

[Event "Early-Titled-Tuesday-Blitz-September-05-2023"]
[Site "Chess.com"]
[Date "2023.09.05"]
[Round "9"]
[White "shimastream"]
[Black "mishanick"]
[Result "1-0"]
[WhiteElo "2979"]
[BlackElo "3058"]
[TimeControl "180+1"]
[EndTime "9:45:02 PDT"]
[Termination "shimastream won on time"]

1. e4 c5 2. Nf3 e6 3. d4 cxd4 4. Nxd4 Nc6 5. Be2 Nf6 6. Nc3 d5 7. exd5 Nxd5 8. Nxd5 exd5 9. O-O Be7 10. c3 O-O 11. Be3 Bf6 12. Qd2 Re8 13. Rfe1 Be6 14. Rad1 Qd6 15. Bf1 a6 16. Nxc6 bxc6 17. b4 a5 18. a3 axb4 19. axb4 Ra3 20. Bd4 Bxd4 21. Qxd4 Rea8 22. h4 h6 23. Re3 Ra1 24. Rg3 Qf8 25. Rgd3 Qe7 26. Rg3 Qf8 27. Be2 Bf5 28. Rxa1 Rxa1+ 29.
Kh2 f6 30. Re3 Qd6+ 31. g3 Qd7 32. Bf3 Rc1 33. Qc5 Kh7 34. Qd4 Rc2 35. Re2 Rxe2 36.
Bxe2 Qe6 37. Bf3 Qe1 38. Kg2 Be6 39. Qd3+ Kg8 40. Qe2 Qxe2 41. Bxe2 g5 42. f4 gxf4 43. gxf4 Kf7 44. Kf2 Kg6 45. Bf1 Bg4 46. Kg3 Bd1 47.
Bd3+ Kf7 48. Kf2 Ke7 49. Ke3 Kd6 50. Kd4 Bg4 51. Bf1 Bd7 52. Bd3 Be8 53. Bf5 Bf7 54. Bg4 Bg6 55. Bf3 Bf5 56. c4 dxc4 57. Kxc4 Be6+ 58.
Kd4 Bc8 59. Be4 Ba6 60. Bc2 Bb5 61. Ke4 Ke6 62. Bb3+ Ke7 63. Kf5 Bd3+ 64. Kg4 Bg6 65. Kf3 Kd6 66. Ke3 Bf5 67. Kd4 Bb1 68. Bc4 Bg6 69. Bb3 Be8 70. Bc4 Bd7 71. Bb3 Bg4 72. Bc4 Bf3 73. Bb3 Be2 74. Ba2 Bf1 75. Ke4 Bh3 76. Kd4 Bf1 77. Bb3 Bh3 78. Bc4 Bg2 79. Bd3 Bd5 80. Bf5 Bf7 81. Be4 Ba2 82. Bd3 Be6 83. Be4 Bg4 84. Bd3 Bf3 85. Bc2 Be2 86. Be4 Bf1 87. Bf3 Bb5 88. Be4 Ke6 89. Bc2 Kd6 90.
Ke4 Ke7 91. Kf5 Kf7 92. Bb3+ Ke7 93. Kg6 Bd3+ 94. Kxh6 Kf8 95. Be6 Ke7 96. f5 1-0

[Event "Early-Titled-Tuesday-Blitz-September-05-2023"]
[Site "Chess.com"]
[Date "2023.09.05"]
[Round "9"]
[White "Iball95"]
[Black "blitzo_vich"]
[Result "0-1"]
[WhiteElo "2795"]
[BlackElo "2633"]
[TimeControl "180+1"]
[EndTime "9:45:18 PDT"]
[Termination "blitzo_vich won on time"]

1. e4 c6 2. c4 d5 3. exd5 cxd5 4. d4 Nf6 5. Nc3 Nc6 6. Nf3 g6 7. cxd5 Nxd5 8. Qb3 Nxc3 9. Bc4 Nd5 10. Bxd5 e6 11. Bxc6+ bxc6 12. O-O Bg7 13. Qc2 Qd5 14. Re1 O-O 15. Bf4 Ba6 16. b3 c5 17. dxc5 Bxa1 18. Rxa1 Rac8 19. b4 Bd3 20. Qb2 f6 21. Rd1 e5 22.
Be3 Rfd8 23. h3 Qc4 24. Rc1 Qd5 25. a4 Be4 26. Ne1 f5 27. f3 Bd3 28. Rd1 e4 29. f4 Qc4 30. Rc1 Qd5 31. b5 Bc4 32.
Qb4 Be2 33. c6 g5 34. fxg5 Qe5 35. Qc5 Rd5 36. Qc3 Qd6 37. Qf6 Qxf6 38. gxf6 Kf7 39. Bxa7 f4 40. b6 Ba6 41. b7 Bxb7 42. cxb7 Rxc1 43. Kh2 Rb1 44. b8=Q Rxb8 45. Bxb8 Rf5 46. Kg1 Rxf6 47. a5 Ke8 48. Bc7 Kd7 49. Bb6 Kc6 50.
Bd4 Rf7 51. a6 Kd5 52. a7 Rf8 53. Bb6 Kc6 54. Bd4 Kd5 55. Nc2 Ra8 56. Kf1 Kc4 57. Bb6 Kd3 58. Nb4+ Kd2 59. Nd5 e3 60. Nxf4 Rf8 61.
Ba5+ Kd1 62. g3 e2+ 63. Kf2 Ra8 64. Nxe2 Rxa7 65. Nc3+ Kc2 66. Bb4 Kb3 67. Nd5 Kc4 68.
Nf6 Kxb4 69. Ke3 Kc5 70. Kf4 Kd6 71. g4 Rf7 72. Kg5 Ke6 73. Nh5 Ke5 74. Ng3 Ke6 75. Nf5 Ke5 76. h4 Rc7 77. Kh6 Kf6 78. Ng3 Rc4 79. g5+ Kf7 80. h5 Rg4 81. Nf5 Rf4 82. Nd6+ Kg8 83. Ne8 Rf7 84. Nf6+ Kh8 85. Ne4 Re7 86.
Nf6 Re6 87. g6 Rxf6 88. Kg5 Rc6 89. Kh6 hxg6 0-1

[Event "Early-Titled-Tuesday-Blitz-September-05-2023"]
[Site "Chess.com"]
[Date "2023.09.05"]
[Round "9"]
[White "Iunusovnuriddin"]
[Black "Speshka"]
[Result "0-1"]
[WhiteElo "2339"]
[BlackElo "2532"]
[TimeControl "180+1"]
[EndTime "9:45:21 PDT"]
[Termination "Speshka won on time"]

1. e4 c5 2. c3 Nf6 3. e5 Nd5 4. d4 cxd4 5. Qxd4 e6 6. Nf3 Nc6 7. Qe4 d6 8. Bb5 Be7 9. O-O O-O 10. exd6 Bxd6 11. c4 Nf6 12. Qe2 e5 13. Rd1 Qc7 14. Bg5 Bg4 15. Bxf6 gxf6 16. Nc3 Nd4 17. Rxd4 exd4 18.
Nd5 Qd8 19. Qe4 f5 20. Qxd4 f6 21. c5 Bxf3 22. cxd6 Bxd5 23. Qxd5+ Kh8 24. d7 Qa5 25. Qxf5 a6 26. Bd3 Qxf5 27. Bxf5 Kg7 28. Rc1 Kf7 29. Rc7 Ke7 30. Rxb7 Rfb8 31. Rxb8 Rxb8 32. b3 Rb5 33. g4 Rc5 34. Kg2 Rc1 35. Kg3 Ra1 36.
h4 Rxa2 37. Bxh7 Kxd7 38. h5 Ke7 39. h6 Kf7 40. Bd3 Ra3 41. Bc4+ Kg6 42. Kf4 Kxh6 43. Kf5 Kg7 44. f4 a5 45. Ke6 Ra1 46. g5 fxg5 47.
fxg5 Rd1 48. Kf5 Re1 49. Kf4 Kg6 50. Bd3+ Kh5 51. g6 Kh6 52. Kf5 Re3 53. Bc4 Re8 54. Bf7 Re1 55. Kf6 Rf1+ 56. Ke6 Kg7 57. Kd6 Rf5 58.
Kc6 Rg5 59. Kb6 Kf6 60. Be8 Ke7 61. Bb5 Rxg6+ 62. Kxa5 Kd6 63. Kb4 Rg4+ 64. Bc4 Kc6 65. Kc3 Kc5 66. b4+ Kc6 67. b5+ Kc5 68. Ba2 Rg3+ 69. Kb2 Kb4 70. Ka1 Ka3 71. b6 Rg1+ 72. Bb1 Rg8 73. b7 Rb8 74. Be4 Kb3 75. Kb1 Re8 76. Bd5+ Kb4 77. Kb2 Kc5 78. Bf3 Kb6 79.
Kc2 Kc7 80. Kd2 Rb8 81. Kd3 Rxb7 82. Be4 Rb3+ 83. Kd4 Rb4+ 84. Ke3 Kd6 85. Bd3 Ke5 86. Kd2 Rb3 87. Kc2 Ra3 88. Bg6 Kd4 89. Kb2 Ra6 90.
Bc2 Kc4 91. Bb1 Kb4 0-1

[Event "Early-Titled-Tuesday-Blitz-September-05-2023"]
[Site "Chess.com"]
[Date "2023.09.05"]
[Round "9"]
[White "Msb2"]
[Black "dropstoneDP"]
[Result "1/2-1/2"]
[WhiteElo "3096"]
[BlackElo "3009"]
[TimeControl "180+1"]
[EndTime "9:45:35 PDT"]
[Termination "Game drawn by 50-move rule"]

1. d4 d5 2. c4 e6 3. Nc3 Nf6 4.
cxd5 Nxd5 5. e4 Nxc3 6. bxc3 c5 7.
Rb1 Be7 8. Bc4 O-O 9. Ne2 Nc6 10. O-O b6 11. Be3 cxd4 12. cxd4 Bb7 13. Ng3 Rc8 14. Bb5 Na5 15. d5 exd5 16. Qg4 g6 17. Rbd1 Bf6 18. exd5 Bg7 19. Bg5 Qd6 20. Rfe1 Bxd5 21. Be7 Be6 22.
Rxd6 Bxg4 23. Bxf8 Kxf8 24. Ba6 Re8 25. Rxe8+ Kxe8 26. Be2 Be6 27. Rd2 Ke7 28. Rc2 Be5 29. Ne4 h6 30. g3 Bd5 31. Nd2 Nc6 32. Nb3 Bxb3 33. axb3 Nd4 34. Ra2 a5 35. Bc4 g5 36. Kg2 f5 37.
Rd2 g4 38. Rd1 b5 39. Bxb5 Nxb3 40. Rd5 Kf6 41. Bc4 a4 42. Rb5 Nd2 43. Rb6+ Kg7 44. Bd3 a3 45. Ra6 Bb2 46. Bxf5 h5 47. h3 gxh3+ 48.
Kxh3 Nf3 49. Kg2 Nd4 50. Bd3 Nb3 51. Bc4 Nc5 52. Ra5 Ne4 53. Rxh5 Kf6 54. Ra5 Nc3 55. f4 Nb1 56. Ra6+ Ke7 57. Bd5 Nc3 58. Bc4 Kd7 59. Kf3 Nb1 60. Ke4 Nd2+ 61. Kd5 Ke7 62.
g4 Nf3 63. Be2 Nh4 64. g5 Ng2 65. Ke4 Bc1 66. f5 Bxg5 67. Rxa3 Nf4 68. Ra7+ Kf8 69.
Ra6 Nxe2 70. Kf3 Nc3 71. Kg4 Bd8 72. Ra8 Ke8 73. f6 Nd5 74. f7+ Kxf7 75. Rxd8 Ne7 76. Rd7 Ke6 77. Ra7 Nd5 78. Ra6+ Ke5 79. Ra5 Ke4 80.
Ra4+ Ke5 81. Kf3 Nf6 82. Ra5+ Ke6 83. Kf4 Nd5+ 84. Ke4 Nf6+ 85. Kd4 Nd7 86. Rb5 Nf6 87. Re5+ Kd6 88. Re1 Nd7 89. Rf1 Ke6 90. Re1+ Kd6 91. Re8 Nf6 92. Rf8 Ke6 93. Rb8 Nd7 94. Rb5 Kd6 95. Rh5 Nf6 96. Ra5 Ke6 97. Kd3 Nd7 98. Ke4 Nf6+ 99. Kd4 Nd7 100. Ra6+ Kf5 101. Rd6 Nf6 102. Ke3 Ng4+ 103. Kd4 Nf6 104. Rd8 Ke6 105. Rf8 Nd7 106. Rf1 Nf6 107. Re1+ Kf5 108. Ke3 Ke5 109. Ra1 Nd5+ 110.
Kd3 Nf4+ 111. Kc4 Ne6 112. Re1+ Kf5 113. Kd5 Nf4+ 114. Kd6 Nd3 115. Re3 Nf4 116. Re5+ Kf6 117. Re8 Kf5 118. Re7 Kf6 119. Re5 Ng6 120. Ra5 Nf4 121. Rb5 Ng6 122. Rb1 Kf5 123. Kc5 Nf4 124. Rf1 Ke4 125. Kc4 1/2-1/2

[Event "Early-Titled-Tuesday-Blitz-September-05-2023"]
[Site "Chess.com"]
[Date "2023.09.05"]
[Round "9"]
[White "hongnhung1234"]
[Black "EvgenyBurmakin"]
[Result "1-0"]
[WhiteElo "2505"]
[BlackElo "2277"]
[TimeControl "180+1"]
[EndTime "9:46:44 PDT"]
[Termination "hongnhung1234 won on time"]

1. e4 c5 2. Nc3 Nc6 3. Bb5 Nd4 4.
Bc4 e6 5. Nge2 Nf6 6. O-O a6 7. a4 d5 8. exd5 exd5 9. Ba2 Nxe2+ 10. Qxe2+ Be7 11. Re1 Be6 12. d3 O-O 13. Bg5 Re8 14.
h3 h6 15. Bxf6 Bxf6 16. Nxd5 Bxb2 17. Rab1 Bxd5 18. Qxe8+ Qxe8 19. Rxe8+ Rxe8 20. Bxd5 Bd4 21. Bxb7 Re2 22. Rf1 a5 23. Ba6 Rxc2 24. g3 g6 25. Kg2 Kg7 26. g4 f5 27. Kg3 Kf6 28. f4 Re2 29.
Rb1 Re3+ 30. Kg2 Re2+ 31. Kf1 Rf2+ 32. Ke1 Rh2 33. Rb6+ Kg7 34. gxf5 gxf5 35. Bc8 Rxh3 36. Bxf5 Rf3 37. Rg6+ Kf7 38. Rxh6 Rxf4 39. Be4 Rg4 40. Ra6 Bc3+ 41. Ke2 Bb4 42. Kf3 Rh4 43. Bf5 Rh8 44. Ke4 Re8+ 45. Kd5 Rd8+ 46. Kc4 Rd4+ 47.
Kb5 Ke7 48. Be4 Kd7 49. Ra7+ Kd6 50. Ra6+ Ke5 51. Rc6 Kf4 52. Bh7 Ke3 53. Ra6 Kd2 54. Re6 Kc3 55. Re3 Kd2 56. Rh3 Kc2 57. Be4 Kb3 58.
Rh5 Ka3 59. Rh6 Kb3 60. Ra6 Kc3 61. Ra8 Kb3 62. Rc8 Kc3 63. Rg8 Kb3 64. Rg2 Kc3 65. Kc6 Kb3 66. Bh7 Kc3 67. Ra2 Rxd3 68. Bxd3 Kxd3 69. Rh2 c4 70. Rh3+ Kc2 71. Kd5 c3 72. Kc4 Kb2 73. Kd3 c2 74. Rh2 Kb3 75. Rxc2 Kxa4 76.
Kc4 Ka3 77. Kb5 Kb3 78. Rc1 Kb2 79. Rh1 Kb3 80. Rh2 Kc3 81. Rh3+ Kb2 82. Ka4 Kc2 83. Rb3 Kd2 84. Rb2+ Kc3 85. Ra2 Kd3 86. Kb3 Kd4 87. Rc2 Kd3 88. Rc8 Kd4 89. Rc7 Kd3 90. Rd7+ Ke4 91. Kc4 Ke5 92. Rd5+ Ke6 93. Rd3 Ke5 94. Rd8 Ke4 95. Re8+ Kf5 96. Kd5 Kf6 97. Re2 Kf7 98.
Re6 Kg7 99. Ke5 Kf7 100. Rf6+ Ke7 101. Ra6 Kd7 102. Kd5 Ke7 103. Rb6 Kf7 104. Ke5 Bc3+ 105. Kf5 Bb4 106. Rb7+ Ke8 107. Ke6 Kd8 108. Rh7 Kc8 109. Kd5 Kd8 110. Kc6 Ke8 111. Rb7 Kd8 112. Ra7 Ke8 113. Rd7 Bc3 114. Kd6 Bb4+ 115. Ke6 Ba3 116. Ra7 Kd8 117. Rxa5 Bb4 118. Rb5 Ba3 119. Rb7 Kc8 120. Rh7 Kb8 121. Kd5 Bb2 122. Kc6 Be5 123. Rb7+ Ka8 124. Kb6 Bd4+ 125. Ka6 Be5 126. Re7 Bb8 127. Rh7 Bf4 128. Kb6 Be3+ 129. Kc6 Bf4 130. Rh4 Bg3 131. Rb4 1-0

[Event "Early-Titled-Tuesday-Blitz-September-05-2023"]
[Site "Chess.com"]
[Date "2023.09.05"]
[Round "10"]
[White "AndreiITrifan"]
[Black "whitemirrorninja"]
[Result "1-0"]
[WhiteElo "2627"]
[BlackElo "2512"]
[TimeControl "180+1"]
[EndTime "9:49:20 PDT"]
[Termination "AndreiITrifan won by resignation"]

1. Nf3 g6 2. c4 Bg7 3. Nc3 c5 4. b3 Nc6 5. Bb2 d6 6. e3 Nh6 7.
Be2 O-O 8. O-O Nf5 9. Qc2 b6 10.
a3 Bb7 11. Rfd1 e5 12. Rac1 g5 13. Qxf5 h6 14. Bd3 e4 15. Bxe4 Re8 16. Qh7+ Kf8 17. Bd5 g4 18. Nb5 f6 19. Qg8+ 1-0